 Dungeon Crawl Stone Soup version 0.30.0-29-ga12c61a403 (webtiles) character file.

Game seed: 8399086666908719664

20292 ChrisAssaf the Cleaver (level 12, -14/100 HPs)
             Began as a Pale Draconian Fighter on June 13, 2023.
             Was an Elder of the Shining One.
             Killed by the air
             ... invoked by a wind drake
              (18 damage)
             ... on level 3 of the Lair of Beasts.
             The game lasted 00:40:25 (13218 turns).

ChrisAssaf the Cleaver (Pale Draconian Fighter)    Turns: 13218, Time: 00:40:26

Health: -14/100    AC:  9    Str: 20    XL:     12   Next: 44%
Magic:  19/19      EV: 13    Int: 20    God:    the Shining One [****..]
Gold:   1344       SH: 10    Dex: 11    Spells: 14/21 levels left

rFire   . . .        a - +4 war axe
rCold   . . .        b - +0 buckler
rNeg    + + .        (body armour unavailable)
rPois   .            m - +1 hat
rElec   +            (no cloak)
rCorr   .            (no gloves)
SInv    .            (no boots)
Will    .....        h - amulet of reflection
Stlth   +            t - +6 ring of intelligence
HPRegen 0.36/turn    (no ring)
MPRegen 0.16/turn

%: reflection
@: short of breath, glowing
A: breathe steam, AC +8, unfitting armour, cold-blooded, steam resistance, claws
1, stinger 1, clever 1, sense surroundings 1, electricity resistance
a: Breathe Steam, Renounce Religion, Divine Shield, Cleansing Flame


You were on level 3 of the Lair of Beasts.
You worshipped the Shining One.
The Shining One was greatly pleased with you.
You visited 2 branches of the dungeon, and saw 13 of its levels.
You also visited: Bailey.

You collected 1404 gold pieces.
You spent 60 gold pieces at shops.

Inventory:

Hand Weapons
 a - a +4 war axe (weapon)
Missiles
 f - 8 atropa-tipped darts (quivered)
 w - 13 curare-tipped darts
 x - 4 datura-tipped darts
Armour
 b - a +0 buckler (worn)
 m - a +1 hat (worn)
Jewellery
 h - an amulet of reflection (around neck)
 l - a ring of flight
 t - a +6 ring of intelligence (left claw)
 E - a ring of positive energy
 J - a +6 ring of strength
Wands
 u - a wand of flame (13)
 C - a wand of polymorph (6)
 H - a wand of roots (5)
 K - a wand of quicksilver (4)
Scrolls
 d - 5 scrolls of teleportation
 e - a scroll of silence
 j - a scroll of vulnerability
 n - a scroll of poison
 o - a scroll of immolation {unknown}
 A - 2 scrolls of magic mapping
 D - 3 scrolls of fear
 G - 3 scrolls of enchant armour {unknown}
 I - a scroll of amnesia {unknown}
Potions
 c - 2 potions of might
 g - 5 potions of degeneration
 i - 2 potions of mutation
 k - 3 potions of haste
 p - a potion of experience {unknown}
 q - 2 potions of resistance
 v - a potion of flight {unknown}
 z - a potion of attraction {unknown}
 B - 2 potions of brilliance {unknown}
Miscellaneous
 y - a lightning rod (1/4)


   Skills:
 * Level 7.2 Fighting
 * Level 10.6 Axes
 * Level 4.3 Throwing
 * Level 6.4 Dodging
 * Level 5.1 Stealth
 * Level 7.2 Shields
 * Level 5.1 Spellcasting
 * Level 4.4 Hexes
 * Level 5.2 Transmutations
 * Level 4.9 Ice Magic
 * Level 5.4 Invocations
 * Level 5.0 Evocations


You had 14 spell levels left.
You knew the following spells:

 Your Spells              Type           Power      Damage    Failure   Level
a - Wereblood             Tmut           26%        N/A       2%          2
b - Ensorcelled Hibernat  Hex/Ice        46%        N/A       3%          2
c - Inner Flame           Hex/Fire       13%        N/A       17%         3

Your spell library contained the following spells:

 Spells                   Type           Power      Damage    Failure   Level
 Sting                    Tmut/Pois      60%        1d6       4%          1
 Ozocubu's Armour         Ice            24%        N/A       5%          3
 Passwall                 Tmut/Erth      12%        N/A       7%          2
 Lesser Beckoning         Tloc           10%        N/A       21%         2
 Poisonous Vapours        Pois/Air       10%        N/A       21%         2
 Sublimation of Blood     Necr           5%         N/A       21%         2
 Gell's Gravitas          Tloc           5%         N/A       38%         3
 Swiftness                Air            5%         N/A       38%         3
 Teleport Other           Tloc           5%         N/A       38%         3
 Yara's Violent Unravell  Hex/Tmut       12%        3d7       45%         5
 Metabolic Englaciation   Hex/Ice        11%        N/A       50%         5
 Olgreb's Toxic Radiance  Pois           5%         N/A       80%         4
 Summon Lightning Spire   Summ/Air       5%         N/A       80%         4
 Dispersal                Tloc           2%         N/A       100%        6
 Simulacrum               Ice/Necr       7%         N/A       100%        6
 Enfeeble                 Hex            11%        N/A       100%        7
 Storm Form               Tmut/Air       7%         N/A       100%        7
 Summon Hydra             Summ           2%         N/A       100%        7
 Maxwell's Capacitive Co  Air            2%         ∞         100%        8


Dungeon Overview and Level Annotations

Branches:
Dungeon (10/15)            Temple (0/1) D:4            Lair (3/5) D:10
  Snake (0/4) Lair:3       Bailey (visited)
  Swamp: Lair:2-3    Shoals: Lair:2-3       Orc: D:9-12

Altars:
Fedhas
Makhleb
Nemelex Xobeh
Ru
Sif Muna
The Shining One

Shops:
D:1 ?=

Annotations:
D:3 2 transporters, PerfectTommy's ghost, amateur MfIE
D:10 2 transporters, bmack86's ghost, journeyman MiFi
Lair:1 2 transporters, jurchenman's ghost, journeyman DEFE


Innate Abilities, Weirdness & Mutations

You can breathe blasts of scalding, opaque steam.
Your pale cyan-grey scales are hard. (AC +8)
You cannot fit into any form of body armour.
You are cold-blooded and may be slowed by cold attacks.
You are immune to the effects of steam.
You have sharp fingernails.
Your tail ends in a venomous barb.
Your mind is acute. (Int +4, Str/Dex -1)
You passively map a small area around you.
You are resistant to electric shocks. (rElec)


Message History

Roots grab the wind drake.
The grasping roots constrict the wind drake!
The wind drake struggles to escape constriction.
You have got your breath back.
The grasping roots constrict the wind drake!
The roots release their grip on the wind drake.
The wind drake exhales a fierce blast of wind!
You are knocked back by the gust of wind.
The wind drake bites you but does no damage.
You slash the wind drake!
The wind drake is heavily wounded.
The wind drake bites you but does no damage.
You closely miss the wind drake.
Your tail-slap misses the wind drake.
The wind drake is heavily wounded.
The wind drake bites you!
* * * LOW HITPOINT WARNING * * *
You slash the wind drake!
The wind drake is heavily wounded.
The wind drake bites you.
* * * LOW HITPOINT WARNING * * *
The wind drake exhales a fierce blast of wind!
You are knocked back by the gust of wind.
The wind drake bites you.
* * * LOW HITPOINT WARNING * * *
As you read the scroll of fear, it crumbles to dust.
You assume a fearsome visage.
The wind drake looks frightened!
Really read the scroll of poison?
The air fills with toxic fumes!
As you read the scroll of poison, it crumbles to dust.
Aiming: Breathe Steam (1% risk of failure)
Press: ? - help, Shift-Dir - straight line, f/p - wind drake
Aim: a wind drake (poison gas, heavily wounded, repelling missiles, fleeing, catching its breath, haloed, 62% to hit)
You exhale a blast of scalding steam.
The ball of steam hits the wind drake!
The wind drake is almost dead.
Your attack snaps the wind drake out of its fear.
The wind drake is engulfed in poison gas.
The wind drake is poisoned.
The wind drake flaps its wings at you. The air twists around and strikes you!!
You die...

* ##.....##..#~ ♣...♣.♣#
#...#§§§§§§#♣~♣♣.♣♣~.# ,*
##...§§§§§##♣~......~#. ,
####§§§§§.##~~♣.~~~##.
#§§#§#######)####..
##k§#######.....##. * ,*
#§§#§§#§##)##.## . ,
#######§§§§§§§§)..#.####
*#§§§§§§@#.#............#
§§§§§§§§§§§§§§§..##.....
#§§§#§#§§§##§§§#######..
### ############ ###


You could see a wind drake (repels missiles, poisoned, catching breath).

Vanquished Creatures
  Gastronok (D:8)
  Erica (D:8)
  Amaemon (Lair:1)
  A skyshark (Lair:2)
  Pikel (D:8)
  A manticore (Lair:3)
  2 black mambas
  3 elephants (Lair:3)
  2 torpor snails
  A gargoyle (D:10)
  3 cane toads
  An orange demon (Lair:1)
  2 komodo dragons
  A kobold demonologist (D:9)
  Psyche (D:8)
  A polar bear (Lair:2)
  A troll (D:10)
  A hornet (Lair:3)
  4 dream sheep (Lair:3)
  A shadow (D:9)
  2 wyverns
  23 yaks
  A steam dragon (D:9)
  2 nagas (Lair:3)
  7 water moccasins
  4 orc warriors (Bailey)
  A black bear (Lair:2)
  An ice beast (D:5)
  13 wolves
  An ogre (D:6)
  6 centaurs
  A lemure (D:8)
  7 kobold brigands (Bailey)
  4 bullfrogs
  2 scorpions
  A gnoll sergeant (D:8)
  5 wights (D:9)
  21 killer bees
  2 howler monkeys
  7 electric eels
  5 hounds
  3 jellies
  2 gnoll boudas
  3 orc priests
  Jessica (D:2)
  4 iguanas
  3 orc wizards
  16 gnolls
  8 adders
  3 shadow imps
  A white imp (D:5)
  A worm (D:2)
  4 dart slugs
  20 orcs
  7 bats
  2 endoplasms
  5 giant cockroaches
  10 goblins
  7 hobgoblins
  4 quokkas
  6 ball pythons
  4 frilled lizards
  13 kobolds
  5 rats
278 creatures vanquished.

Vanquished Creatures (collateral kills)
  Joseph (D:8)
  A naga (Lair:3)
  An orc (D:8)
3 creatures vanquished.

Grand Total: 281 creatures vanquished

Notes
Turn   | Place    | Note
-------+----------+-------------------------------------------
     0 | D:1      | ChrisAssaf the Draconian Fighter began the quest for the
                  | Orb.
     0 | D:1      | Reached XP level 1. HP: 19/19 MP: 1/1
   151 | D:1      | Found Uczoi's Jewellery Boutique.
   213 | D:1      | Found a faded altar of an unknown god.
   243 | D:1      | Reached XP level 2. HP: 26/26 MP: 2/2
   248 | D:1      | Prayed at the altar of an unknown god.
   248 | D:1      | Became a worshipper of the Shining One
   248 | D:1      | Reached * piety under the Shining One
   711 | D:1      | Found Zitzaitu's Magic Scroll Shoppe.
   726 | D:1      | Bought a scroll of identify for 20 gold pieces
   726 | D:1      | Bought a scroll of identify for 20 gold pieces
   726 | D:1      | Bought a scroll of identify for 20 gold pieces
  1013 | D:2      | Noticed Jessica
  1022 | D:2      | Killed Jessica
  1023 | D:2      | Reached XP level 3. HP: 28/31 MP: 2/4
  1039 | D:2      | Got Jessica's Quarto of Geometry
  1393 | D:2      | Reached skill level 1 in Stealth
  1393 | D:2      | Reached XP level 4. HP: 36/38 MP: 5/5
  1908 | D:3      | Reached skill level 1 in Spellcasting
  1936 | D:3      | Found a sacrificial altar of Ru.
  2259 | D:3      | Found a transporter.
  2262 | D:3      | Noticed PerfectTommy's ghost (amateur MfIE)
  2268 | D:3      | Noticed an ogre
  2269 | D:3      | Found a transporter.
  2445 | D:3      | Reached skill level 3 in Axes
  2732 | D:4      | Noticed a bullfrog
  2743 | D:4      | Killed a bullfrog
  2744 | D:4      | Reached XP level 5. HP: 35/45 MP: 6/6
  2823 | D:4      | Reached skill level 1 in Invocations
  2915 | D:4      | Learned a level 2 spell: Wereblood
  2918 | D:4      | Learned a level 2 spell: Ensorcelled Hibernation
  3006 | D:4      | Found a staircase to the Ecumenical Temple.
  3106 | D:4      | Found a sparkling altar of Nemelex Xobeh.
  3241 | D:5      | Entered Level 5 of the Dungeon
  3388 | D:5      | Reached ** piety under the Shining One
  3390 | D:5      | Noticed an ice beast
  3394 | D:5      | Reached XP level 6. HP: 40/52 MP: 8/8
  3400 | D:5      | Killed an ice beast
  3401 | D:5      | Reached skill level 4 in Axes
  3696 | D:5      | Reached skill level 1 in Transmutations
  3707 | D:5      | Found a blossoming altar of Fedhas.
  3826 | D:5      | Reached skill level 1 in Ice Magic
  3826 | D:5      | Your scales start taking on a pale cyan-grey colour.
  3826 | D:5      | Reached XP level 7. HP: 55/59 MP: 9/9
  3826 | D:5      | Gained mutation: You are immune to the effects of steam.
                  | [Pale Draconian growth]
  3858 | D:5      | Gained mutation: You are frail. (-10% HP) [potion of
                  | mutation]
  3858 | D:5      | Gained mutation: Your flesh is heat resistant. (rF+)
                  | [potion of mutation]
  3858 | D:5      | Gained mutation: You are very frail. (-20% HP) [potion of
                  | mutation]
  3858 | D:5      | Gained mutation: You have sharp fingernails. [potion of
                  | mutation]
  3859 | D:5      | Lost mutation: Your flesh is heat resistant. (rF+) [potion
                  | of mutation]
  3859 | D:5      | Lost mutation: You are very frail. (-20% HP) [potion of
                  | mutation]
  3859 | D:5      | Lost mutation: You are frail. (-10% HP) [potion of
                  | mutation]
  3859 | D:5      | Gained mutation: You have hidden genetic potential. [potion
                  | of mutation]
  3859 | D:5      | Gained mutation: You passively map a small area around you.
                  | [potion of mutation]
  3859 | D:5      | Gained mutation: Your tail ends in a venomous barb. [potion
                  | of mutation]
  4079 | D:6      | Reached skill level 5 in Axes
  4079 | D:6      | Reached skill level 1 in Hexes
  4281 | D:6      | Found a shimmering blue altar of Sif Muna.
  5023 | D:7      | Noticed a wyvern
  5036 | D:7      | Killed a wyvern
  5037 | D:7      | Reached XP level 8. HP: 60/66 MP: 11/11
  5055 | D:7      | Gained mutation: You are resistant to electric shocks.
                  | (rElec) [hidden potential]
  5065 | D:7      | Found a flagged portal.
  5075 | Bailey   | Entered a bailey
  5119 | Bailey   | Reached skill level 1 in Throwing
  5119 | Bailey   | Reached skill level 1 in Evocations
  5216 | Bailey   | Reached skill level 6 in Axes
  5236 | Bailey   | Reached XP level 9. HP: 46/72 MP: 13/13
  5275 | Bailey   | Found an iron altar of Okawaru.
  5462 | D:7      | Gained mutation: Your mind is acute. (Int +4, Str/Dex -1)
                  | [hidden potential]
  5462 | D:7      | Lost mutation: You have hidden genetic potential. [hidden
                  | potential expressed]
  5585 | D:7      | Found a burning altar of Makhleb.
  5587 | D:7      | Noticed a blizzard demon
  5765 | D:7      | Found a glowing golden altar of the Shining One.
  5896 | D:8      | Noticed Joseph
  5913 | D:8      | Killed Joseph
  5914 | D:8      | Reached skill level 5 in Fighting
  5914 | D:8      | Reached skill level 7 in Axes
  5914 | D:8      | Reached skill level 5 in Shields
  6460 | D:8      | Noticed Pikel
  6475 | D:8      | Killed Pikel
  6636 | D:8      | Noticed Erica
  6636 | D:8      | Reached *** piety under the Shining One
  6657 | D:8      | Killed Erica
  6658 | D:8      | Reached skill level 5 in Dodging
  6658 | D:8      | Reached XP level 10. HP: 24/82 MP: 15/15
  7177 | D:8      | Noticed Gastronok
  7198 | D:8      | Killed Gastronok
  7199 | D:8      | Reached skill level 8 in Axes
  7548 | D:8      | Noticed Psyche
  7588 | D:8      | Killed Psyche
  8615 | D:9      | Reached XP level 11. HP: 89/89 MP: 17/17
  8652 | D:10     | Entered Level 10 of the Dungeon
  8723 | D:10     | Reached skill level 9 in Axes
  8749 | D:10     | Noticed a two-headed ogre
  8754 | D:10     | Noticed bmack86's ghost (journeyman MiFi)
  8756 | D:10     | Found a transporter.
  8764 | D:10     | Found a transporter.
  9066 | D:10     | Found a staircase to the Lair.
  9157 | D:10     | Reached **** piety under the Shining One
  9551 | Lair:1   | Entered Level 1 of the Lair of Beasts
  9551 | Lair:1   | Noticed Amaemon
  9564 | Lair:1   | Killed Amaemon
  9814 | Lair:1   | Found a transporter.
  9822 | Lair:1   | Noticed jurchenman's ghost (journeyman DEFE)
  9823 | Lair:1   | Noticed a seven-headed hydra
 10486 | Lair:1   | Found a transporter.
 10554 | Lair:1   | Reached skill level 10 in Axes
 11090 | Lair:2   | Reached skill level 5 in Invocations
 11122 | Lair:2   | Noticed a skyshark
 11141 | Lair:2   | Killed a skyshark
 11618 | Lair:2   | Reached XP level 12. HP: 97/97 MP: 19/19
 11641 | Lair:2   | Identified the +5 ring mail of the Unbroken {Rampage Str+3}
 12598 | Lair:3   | Learned a level 3 spell: Inner Flame
 12642 | Lair:3   | Reached skill level 5 in Transmutations
 12651 | Lair:3   | Reached skill level 5 in Stealth
 12892 | Lair:3   | Reached skill level 5 in Spellcasting
 12953 | Lair:3   | Found a staircase to the Snake Pit.
 13193 | Lair:3   | Reached skill level 5 in Evocations
 13214 | Lair:3   | HP: 5/100 [wind drake (5)]
 13218 | Lair:3   | Killed from afar by a wind drake

Illustrated notes

Levels and vault maps discovered:
D:1:      roderic_octagonal_star, layout_loops_ring, serial_shops,
          nicolae_shop_behind_doors, nicolae_shop_trees,
          shapermc_ecumenical_altar_pompeii, chequers_serial_rivers_large_b,
          st_stairs_7
D:2:      minmay_door_path, layout_basic, serial_forest, infiniplex_forest_join,
          infiniplex_forest_lined_2, infiniplex_forest_lined_2,
          infiniplex_forest_zigzag_1, infiniplex_forest_lined_room_,
          infiniplex_forest_end_3, infiniplex_forest_clump_double,
          infiniplex_forest_clump_cross, solitary_fountain,
          kennysheep_jessica_study
D:3:      layout_loops_ring, mainiacjoe_overflow_brackets, gammafunk_ghost_smash
D:4:      layout_rooms, overflow_temple_1_default,
          minmay_temple_entry_antechambers
D:5:      layout_loops_cross, marbit_many_paths
D:6:      layout_layer_cave, mainiacjoe_overflow_six_doors_small
D:7:      layout_loops_ring, mainiacjoe_overflow_tiny_flanked,
          makhleb_altar_promises_db, enter_bailey_3
D:8:      layout_cave_pods, nicolae_water_bricks, uniq_joseph, uniq_erica,
          uniq_pikel, uniq_psyche, uniq_gastronok
D:9:      layout_basic
D:10:     layout_loops_corners, erik_lair_island, gammafunk_ghost_arena,
          minmay_lindwurm_lava
Lair:1:   layout_regular_city, gammafunk_ghost_berserking_beasts,
          grunt_megastairs_3, serial_bayou_shore_b, infiniplex_staircase_pool_2,
          uniq_amaemon
Lair:2:   layout_cave_pods
Lair:3:   layout_loops_ring, minmay_shoals_entry_beasts,
          guppyfry_snake_entry_garden

Skill      XL: |  1  2  3  4  5  6  7  8  9 10 11 12 |
---------------+-------------------------------------+-----
Dodging        | 3 4 5 6 |  6.4
Stealth        | 1 2 3 4 5 |  5.1
Spellcasting   | 1 2 3 4 5 |  5.1
Axes           | 3 4 5 6 7 8 10 | 10.6
Invocations    | 1 2 3 4 5 |  5.4
Transmutations | 1 2 3 4 5 |  5.2
Fighting       | 4 5 6 7 |  7.2
Ice Magic      | 1 2 3 4 |  4.9
Shields        | 4 5 6 7 |  7.2
Hexes          | 1 2 3 4 |  4.4
Throwing       | 1 2 3 4 |  4.3
Evocations     | 1 3 4 5 |  5.0

Action                     |  1- 3 |  4- 6 |  7- 9 | 10-12 || total
---------------------------+-------+-------+-------+-------++-------
  Melee: War axe           |    84 |   106 |   137 |   298 ||   625
         Tailslap          |     4 |    13 |    35 |    67 ||   119
         Unarmed           |       |       |       |     1 ||     1
  Throw: Throwing net      |       |       |     3 |     3 ||     6
   Cast: Ensorcelled Hiber |       |       |     1 |       ||     1
Ability: Breathe Steam     |       |       |    20 |    46 ||    66
  Evoke: Wand              |       |       |     1 |    21 ||    22
         Lightning rod     |       |       |       |     6 ||     6
    Use: Scroll            |     4 |     3 |     7 |    12 ||    26
         Potion            |       |     1 |     6 |     8 ||    15
 Armour: Skin              |    29 |    31 |    37 |    94 ||   191
  Dodge: Dodged            |    58 |    58 |   106 |   226 ||   448
  Block: Buckler           |    42 |    60 |    92 |   227 ||   421
         Reflection        |     1 |     2 |    11 |     5 ||    19
